 Dungeon Crawl Stone Soup version 0.31-a0-516-gfcb59812bd (webtiles) character file.

Game seed: 8499495609317493261

24 Gargoyl the Trooper (level 3, 0/24 HPs)
             Began as a Gargoyle Berserker on Aug 10, 2023.
             Was a Follower of Trog.
             Slain by a gnoll
             ... wielding a +0 club
              (1 damage)
             ... on level 1 of the Dungeon.
             The game lasted 00:00:30 (305 turns).

Gargoyl the Trooper (Gargoyle Berserker)             Turns: 305, Time: 00:00:30

Health: 0/24       AC:  5    Str: 20    XL:     3   Next: 2%
Magic:  3/3        EV: 12    Int:  7    God:    Trog [*.....]
Gold:   50         SH:  0    Dex: 11    Spells: 2/2 levels left

rFire   . . .        a - +0 hand axe
rCold   . . .        (no shield)
rNeg    + . .        b - +0 animal skin
rPois   ∞            (no helmet)
rElec   +            (no cloak)
rCorr   .            (no gloves)
SInv    .            (no boots)
Will    .....        (no amulet)
Stlth   +            (no ring)
HPRegen 0.24/turn    (no ring)
MPRegen 0.08/turn

%: no passive effects
@: no status effects
A: sickness immunity, AC +3, negative energy resistance 1, electricity
resistance, torment resistance 1, petrification resistance
a: Renounce Religion, Berserk


You were on level 1 of the Dungeon.
You worshipped Trog.
Trog was aware of your devotion.
You visited 1 branch of the dungeon, and saw 1 of its levels.

You collected 50 gold pieces.

Inventory:

Hand Weapons
 a - a +0 hand axe (weapon)
Armour
 b - a +0 animal skin (worn)
Potions
 c - a potion of lignification {unknown}


   Skills:
 + Level 3.7 Fighting
 + Level 3.2 Axes
 + Level 2.3 Armour
 + Level 1.7 Dodging


You had 2 spell levels left.
You didn't know any spells.
Your spell library was empty.

Dungeon Overview and Level Annotations

Branches:
Dungeon (1/15)

Altars:


Innate Abilities, Weirdness & Mutations

You are immune to sickness and miasma.
Your stone body is resilient. (AC +3)
You are immune to poison.
You resist negative energy. (rN+)
You are resistant to electric shocks. (rElec)
You are resistant to unholy torment.
You are immune to petrification.


Message History

You closely miss the ball python.
The ball python bites you but does no damage.
The ball python completely misses you. The ball python misses you. x2
Unknown command.
You slash the ball python!
You kill the ball python!
Trog accepts your kill.
You closely miss the hobgoblin.
A gnoll comes into view. It is wielding a +0 club.
Unknown command.
The goblin hits you with a +0 dagger. The hobgoblin hits you.
You see here a ball python corpse.
Unknown command.
The gnoll shouts!
You slash the goblin!
You kill the goblin!
Trog accepts your kill.
You closely miss the hobgoblin. You hit the endoplasm.
The endoplasm freezes you.
You are frozen.
The hobgoblin hits you but does no damage.
You have reached level 3!
Your experience leads to an increase in your attributes!
Increase (S)trength, (I)ntelligence, or (D)exterity?
You feel agile. x2
You hit the endoplasm but do no damage.
The endoplasm is severely wounded.
You hit the hobgoblin. The endoplasm freezes you.
You are frozen.
The hobgoblin hits you.
You hit the endoplasm.
You kill the endoplasm!
Trog accepts your kill.
You hit the gnoll. You closely miss the hobgoblin.
The hobgoblin barely misses you. The gnoll hits you with a +0 club.
* * * LOW HITPOINT WARNING * * *
The hobgoblin hits you.
* * * LOW HITPOINT WARNING * * *
The gnoll hits you with a +0 club.
You die...

#.#...........#
#.##.#.#.#.#.##
#.#...........#
#.##.#.#$#.#.##
#...$.........#
.##.#.#.#.#.##
# #......>....#
##.#.#.#.#.#.#
#.....)@.....#
.#.#.#g#g#.#.#
............#
#.#.#.#.#.#.#
............#
#.#.#.#.# #.#
###...... .# #
..... #


You could see a gnoll and a hobgoblin.

Vanquished Creatures
  3 dart slugs (D:1)
  2 endoplasms (D:1)
  3 giant cockroaches (D:1)
  A goblin (D:1)
  2 hobgoblins (D:1)
  2 ball pythons (D:1)
  3 kobolds (D:1)
  2 rats (D:1)
18 creatures vanquished.

Notes
Turn   | Place    | Note
-------+----------+-------------------------------------------
     0 | D:1      | Gargoyl the Gargoyle Berserker began the quest for the Orb.
     0 | D:1      | Reached XP level 1. HP: 14/14 MP: 1/1
    98 | D:1      | Reached XP level 2. HP: 8/19 MP: 2/2
   304 | D:1      | Reached XP level 3. HP: 14/24 MP: 3/3
   305 | D:1      | HP: 1/24 [hobgoblin (4)]
   305 | D:1      | Slain by a gnoll

Illustrated notes

Levels and vault maps discovered:
D:1:      kennysheep_arrival_seaside, layout_loops_ring, basic_ecumenical_altar,
          st_stairs_11, chequers_serial_rivers_micro_e, serial_bayou_pond_a

Skill      XL: |  1  2 |
---------------+-------+-----
Axes           | 3 |  3.2
Fighting       | |  3.7
Armour         | |  2.3
Dodging        | |  1.7

Action                     || total
---------------------------++-------
  Melee: Hand axe          ||    44
         Punch             ||     1
 Invoke: Berserk           ||     1
    Use: Scroll            ||     1
 Armour: Animal skin       ||    22
  Dodge: Dodged            ||    39

Table legend: (Time is in decaauts)
 A = Elapsed time spent in this place.
 B = Non-inter-level travel time spent in this place.
 C = Inter-level travel time spent in this place.
 D = Time resting spent in this place.
 E = Time spent auto-exploring this place.
 F = Levels seen in this place.
 G = Mean time per level.
                   A        B        C        D        E       F      G
               +--------+--------+--------+--------+--------+-----+--------+
         Total |    318 |    318 |      0 |      0 |    199 |   1 |  318.0 |
       Dungeon |    318 |    318 |      0 |      0 |    199 |   1 |  318.0 |
               +--------+--------+--------+--------+--------+-----+--------+

Top non-repeatable levels by time:
     D:1: 318 daAuts
